[Event "WSTCC-65 2024"]
[Site "Krakow"]
[Date "2024.07.07"]
[Round "6.12"]
[White "O`Connor, Eddie"]
[Black "Dalling, Peter"]
[Result "1-0"]
[ECO "C63"]
[WhiteElo "1953"]
[BlackElo "1877"]
[Annotator "RC"]
[PlyCount "99"]
[EventDate "2024.07.01"]
[EventType "team-tourn"]
[EventCountry "POL"]
[SourceTitle "playchess.com"]
[Source "ChessBase"]
[SourceQuality "1"]
[TimeControl "40/5400+30:1800+30"]

1. e4 e5 2. Nf3 Nc6 3. Bb5 f5 4. d3 d6 5. Nc3 Be7 6. Nd5 Nf6 7. Nxe7 Qxe7 8. Bg5 h6 9. Bxf6 Qxf6 10. h3 Bd7 11. Qe2 a6 12. Bxc6 Bxc6 13. O-O-O O-O-O 14. Nd2 Rde8 15. f3 g5 16. Nb3 Ba4 17. Na5 b6 18. Nc4 Kb7 19. exf5 Qxf5 20. Qe4+ Qxe4 21. dxe4 Rd8 22. Ne3 Bd7 23. Rd2 Be6 24. Rhd1 Rd7 25. c4 Rhd8 26. b3 a5 27. a4 Rf8 28. Kb2 Rg7 29. Kc3 Rd7 30. Rb1 c5 31. Rbd1 Rfd8 32. Nf5 Bxf5 33. exf5 Kc6 34. Rd5 Rf8 35. g4 Rf6 36. Rh1 h5 37. h4 gxh4 38. Rxh4 hxg4 39. fxg4 Rg7 40. Kd3 Kd7 41. Ke4 Ke7 42. Rd3 Rf8 43. Rg3 Rfg8 44. Kf3 Rf8 45. Ke4 Rfg8 46. Kd5 Kd7 47. Rh6 Ke8 48. Rxd6 Rxg4 49. Rxg4 Rxg4 50. Kxe5 1-0

[Event "WSTCC-65 2024"]
[Site "Krakow"]
[Date "2024.07.07"]
[Round "6.13"]
[White "Quinn, John M"]
[Black "Pigott, John C"]
[Result "1/2-1/2"]
[ECO "E32"]
[WhiteElo "2073"]
[BlackElo "2290"]
[Annotator "TA"]
[PlyCount "55"]
[EventDate "2024.07.01"]
[EventType "team-tourn"]
[EventCountry "POL"]
[SourceTitle "playchess.com"]
[Source "ChessBase"]
[SourceQuality "1"]
[TimeControl "40/5400+30:1800+30"]

1. d4 Nf6 2. c4 e6 3. Nc3 Bb4 4. Qc2 O-O 5. Nf3 d5 6. cxd5 exd5 7. Bg5 h6 8. Bh4 c5 9. e3 {[%emt 0:02:00] The position is equal.} Nc6 10. dxc5 g5 11. Bg3 Ne4 12. Bd3 Qa5 13. O-O Bxc3 14. bxc3 Nxg3 15. hxg3 Qxc5 16. Rab1 Rd8 17. Rb5 Qe7 18. Rd1 $36 {[%emt 0:03:31][%mdl 2048] Black is under pressure.} b6 (18... Be6 $14) 19. Bh7+ Kg7 20. Rbxd5 {[%emt 0:00:08] White is more active.} Rxd5 21. Rxd5 Be6 22. Rd1 Rc8 (22... Bxa2 $14 23. Qxa2 Kxh7) 23. Bf5 $16 Nb4 24. Qe4 (24. cxb4 $2 Rxc2 25. Bxc2 Qxb4 $19 (25... Bxa2 $2 26. b5 $17)) 24... Nxa2 {[%emt 0:02:08][%mdl 8192] [#]} (24... Nc6 $16 {is more resistant.} 25. Bxe6 Qxe6 26. Qxe6 fxe6) 25. Qe5+ $2 ({Only move:} 25. Nd4 $1 $18 Rc5 (25... Nxc3 $2 {perishes.} 26. Qe5+ f6 27. Qxe6 $18) 26. Nxe6+ (26. Bxe6 Nxc3 27. Qd3 Nxd1 $15) 26... fxe6 27. Bh7 (27. Bxe6 Nxc3 28. Qd4+ Kg6 $14)) 25... Qf6 $14 26. Bxe6 Qxe5 27. Nxe5 fxe6 28. Rd7+ {[%emt 0:01:41] Weighted Error Value: White=0.46/Black=0.37.  Loses game:     	---       	Black=1      Missed win:     	White=1     	---        Mistake:       	---       	Black=2      Inaccurate:     	White=3     	Black=2      OK:         	White=8     	Black=7      Best:        	---       	Black=4} 1/2-1/2

[Event "WSTCC-65 2024"]
[Site "Krakow"]
[Date "2024.07.07"]
[Round "6.13"]
[White "Falk, Thomas"]
[Black "Bhopal, Raj"]
[Result "1/2-1/2"]
[ECO "A40"]
[WhiteElo "2022"]
[BlackElo "1991"]
[Annotator "NA RC"]
[PlyCount "33"]
[EventDate "2024.07.01"]
[EventType "team-tourn"]
[EventCountry "POL"]
[SourceTitle "playchess.com"]
[Source "ChessBase"]
[SourceQuality "1"]
[TimeControl "40/5400+30:1800+30"]

1. d4 Nf6 2. c4 e6 3. g3 Bb4+ 4. Nd2 O-O 5. Bg2 d5 6. Ngf3 Ne4 7. O-O Nxd2 8. Bxd2 Be7 9. Qc2 Nd7 10. Rac1 c6 11. Rfd1 Re8 12. e4 dxe4 13. Qxe4 Bf6 14. Ne5 Qb6 15. b3 Be7 16. Be3 Nf6 17. Qf3 1/2-1/2

[Event "WSTCC-65 2024"]
[Site "Krakow"]
[Date "2024.07.07"]
[Round "6.13"]
[White "Freeman, Richard C P"]
[Black "Idesis, Yaacov"]
[Result "1-0"]
[ECO "B12"]
[WhiteElo "1951"]
[BlackElo "1879"]
[Annotator "RC"]
[PlyCount "109"]
[EventDate "2024.07.01"]
[EventType "team-tourn"]
[EventCountry "POL"]
[SourceTitle "playchess.com"]
[Source "ChessBase"]
[SourceQuality "1"]
[TimeControl "40/5400+30:1800+30"]

1. e4 c6 2. d4 d5 3. e5 c5 4. dxc5 e6 5. Qg4 Nd7 6. Bb5 Qc7 7. Nf3 Ne7 8. O-O Ng6 9. c4 Ngxe5 10. Nxe5 Qxe5 11. c6 bxc6 12. Bxc6 Rb8 13. Bf4 Qxb2 14. Bxb8 Qxa1 15. cxd5 Qf6 16. dxe6 Qxe6 17. Qxe6+ fxe6 18. Bxa7 Bd6 19. Nd2 O-O 20. Nf3 Nf6 21. a4 Rf7 22. Bd4 Rc7 23. Bb5 Bd7 24. Rd1 Bxb5 25. axb5 Ne4 26. Be5 Bxe5 27. Nxe5 Kf8 28. g3 Rb7 29. b6 Ke7 30. Nc4 Nc3 31. Ra1 Kf6 32. Ra7 Rb8 33. Ra5 Ke7 34. Ra7+ Kf6 35. Ra3 Nd5 36. Rb3 Rb7 37. Kg2 Ke7 38. Kf3 h6 39. h3 g6 40. Ke4 Nf6+ 41. Kd4 Nd7 42. Ne5 Rxb6 43. Rxb6 Nxb6 44. Nxg6+ Kf6 45. Ne5 Nd5 46. Ng4+ Kg5 47. Ke5 h5 48. Nh2 Nc3 49. Kxe6 Ne4 50. f4+ Kg6 51. g4 hxg4 52. hxg4 Nc5+ 53. Ke7 Nd3 54. f5+ Kg5 55. f6 1-0

[Event "WSTCC-65 2024"]
[Site "Krakow"]
[Date "2024.07.07"]
[Round "6.14"]
[White "Stebbings, Anthony J"]
[Black "Orton, Stephen L A"]
[Result "1-0"]
[ECO "E84"]
[WhiteElo "2240"]
[BlackElo "2115"]
[Annotator "RC"]
[PlyCount "83"]
[EventDate "2024.07.01"]
[EventType "team-tourn"]
[EventCountry "POL"]
[SourceTitle "playchess.com"]
[Source "ChessBase"]
[SourceQuality "1"]
[TimeControl "40/5400+30:1800+30"]

1. d4 Nf6 2. c4 g6 3. Nc3 Bg7 4. e4 d6 5. f3 O-O 6. Be3 Nc6 7. Nge2 a6 8. Qd2 Rb8 9. Nc1 e5 10. d5 Nd4 11. Nb3 c5 12. dxc6 bxc6 13. Nxd4 exd4 14. Bxd4 d5 15. cxd5 cxd5 16. e5 Nd7 17. f4 Nb6 18. Be2 Nc4 19. Bxc4 dxc4 20. O-O Bf5 21. Rfe1 Qd7 22. Ne4 Rfd8 23. Nd6 Bd3 24. Qe3 Qe6 25. Bc3 h5 26. Rad1 Rd7 27. Ne4 Qg4 28. Nc5 Be4 29. Rd2 Rxd2 30. Qxd2 Bc6 31. Nxa6 Rc8 32. Nb4 Bb7 33. h3 Qe6 34. Rd1 Bf8 35. Kh2 Bxb4 36. Bxb4 Qc6 37. Bc3 Kh7 38. Qe2 Qe6 39. Rd6 Qf5 40. Rf6 Qd7 41. e6 fxe6 42. Rxe6 1-0

[Event "WSTCC-65 2024"]
[Site "Krakow"]
[Date "2024.07.07"]
[Round "6.14"]
[White "Scrimgour, Alan"]
[Black "Lomer, Edmund"]
[Result "1/2-1/2"]
[ECO "B01"]
[WhiteElo "1979"]
[BlackElo "1943"]
[Annotator "NA RC"]
[PlyCount "93"]
[EventDate "2024.07.01"]
[EventType "team-tourn"]
[EventCountry "POL"]
[SourceTitle "playchess.com"]
[Source "ChessBase"]
[SourceQuality "1"]
[TimeControl "40/5400+30:1800+30"]

1. e4 d5 2. exd5 Qxd5 3. Nc3 Qa5 4. Bc4 Bf5 5. d3 c6 6. Bd2 Qe5+ 7. Nge2 e6 8. Bf4 Qa5 9. O-O Nf6 10. Re1 Be7 11. Ng3 Nbd7 12. a3 Bg6 13. b4 Qd8 14. Qf3 O-O 15. h4 Nd5 16. Bxd5 cxd5 17. h5 Bf6 18. Bd2 Rc8 19. hxg6 Rxc3 20. gxh7+ Kh8 21. Ra2 Rc6 22. Nh5 Qc7 23. Nxf6 Nxf6 24. Bf4 Qc8 25. Be5 Nxh7 26. Bd4 f6 27. Bxa7 Ng5 28. Qh5+ Kg8 29. Bc5 Re8 30. d4 b6 31. b5 Rc7 32. Bxb6 Rb7 33. Bc5 Rxb5 34. a4 Rb8 35. a5 Ra8 36. Bb6 Ne4 37. Re3 Nd2 38. Qe2 Nc4 39. Rb3 Qa6 40. Qd3 Reb8 41. Bc5 Rb5 42. Qg6 Rxa5 43. Rxa5 Nxa5 44. Rh3 Qb7 45. Qh7+ Kf7 46. Qh5+ Kg8 47. Qh7+ 1/2-1/2

[Event "WSTCC-65 2024"]
[Site "Krakow"]
[Date "2024.07.07"]
[Round "6.14"]
[White "Reem, Meir"]
[Black "Wood, Peter R"]
[Result "0-1"]
[ECO "A05"]
[WhiteElo "1866"]
[BlackElo "1948"]
[Annotator "RC"]
[PlyCount "94"]
[EventDate "2024.07.01"]
[EventType "team-tourn"]
[EventCountry "POL"]
[SourceTitle "playchess.com"]
[Source "ChessBase"]
[SourceQuality "1"]
[TimeControl "40/5400+30:1800+30"]

1. Nf3 Nf6 2. d4 e6 3. Bf4 c5 4. e3 b6 5. c3 Bb7 6. Nbd2 cxd4 7. exd4 d6 8. Qc2 Be7 9. Bd3 Nbd7 10. O-O Rc8 11. Rfe1 Nd5 12. Bg3 Nb4 13. Qb1 Nxd3 14. Qxd3 Nf6 15. h3 O-O 16. Qe2 Re8 17. Ng5 Bf8 18. Nge4 Be7 19. Nxf6+ Bxf6 20. Ne4 Bxe4 21. Qxe4 d5 22. Qg4 b5 23. Be5 Rc4 24. Qg3 b4 25. Re3 bxc3 26. bxc3 Bxe5 27. Qxe5 Qb8 28. Qh5 Rf8 29. Qe2 Qc7 30. Qd3 a5 31. Rb1 Rb8 32. Rxb8+ Qxb8 33. Qc2 a4 34. Kf1 Qc7 35. Ke2 Rxd4 36. Qb2 Rc4 37. Qb5 g6 38. Rf3 Kg7 39. Kd2 d4 40. Qg5 Rxc3 41. Qf6+ Kg8 42. Qxd4 Rc2+ 43. Kd1 Rc1+ 44. Ke2 Qc2+ 45. Qd2 Qc4+ 46. Qd3 Rc2+ 47. Ke1 Qb4+ 0-1

[Event "WSTCC-65 2024"]
[Site "Krakow"]
[Date "2024.07.07"]
[Round "6.15"]
[White "Hewson, Brian W R"]
[Black "Povah, Nigel E"]
[Result "1/2-1/2"]
[ECO "A05"]
[WhiteElo "2042"]
[BlackElo "2179"]
[Annotator "RC"]
[PlyCount "50"]
[EventDate "2024.07.01"]
[EventType "team-tourn"]
[EventCountry "POL"]
[SourceTitle "playchess.com"]
[Source "ChessBase"]
[SourceQuality "1"]
[TimeControl "40/5400+30:1800+30"]

1. Nf3 Nf6 2. g3 b5 3. a4 b4 4. c3 c5 5. d4 e6 6. Bg2 Bb7 7. O-O a5 8. Nbd2 Na6 9. c4 cxd4 10. Nxd4 Bxg2 11. Kxg2 Qb6 12. N2f3 Rc8 13. b3 d5 14. cxd5 Nxd5 15. Qd3 Bc5 16. Bb2 O-O 17. Ng5 g6 18. Ne4 Be7 19. Qb5 f5 20. Nd2 Nac7 21. Qxb6 Nxb6 22. Nc6 Ncd5 23. Rac1 Bg5 24. e3 Ra8 25. Bd4 Bf6 1/2-1/2

[Event "WSTCC-65 2024"]
[Site "Krakow"]
[Date "2024.07.07"]
[Round "6.15"]
[White "Reuben, Stewart"]
[Black "Gorjaltsan, Eduard"]
[Result "0-1"]
[ECO "A36"]
[WhiteElo "1995"]
[BlackElo "1884"]
[Annotator "NA RC"]
[PlyCount "104"]
[EventDate "2024.07.01"]
[EventType "team-tourn"]
[EventCountry "POL"]
[SourceTitle "playchess.com"]
[Source "ChessBase"]
[SourceQuality "1"]
[TimeControl "40/5400+30:1800+30"]

1. c4 c5 2. Nc3 g6 3. g3 Bg7 4. Bg2 Nc6 5. d3 Nf6 6. Nh3 d6 7. Nf4 O-O 8. h4 h5 9. O-O Rb8 10. Rb1 a6 11. a3 Bd7 12. b4 cxb4 13. axb4 b5 14. cxb5 axb5 15. Qb3 e6 16. Bb2 Qe7 17. Ne4 Nxe4 18. Bxg7 Kxg7 19. Bxe4 d5 20. Qb2+ Qf6 21. Bg2 Ra8 22. Rfc1 Ra4 23. Qd2 Rfa8 24. e3 Qe7 25. Rxc6 Bxc6 26. Qc3+ e5 27. Nxh5+ gxh5 28. Qxc6 Rxb4 29. Rf1 Rd8 30. Bxd5 Qd6 31. Qxd6 Rxd6 32. Be4 Rb2 33. Rc1 Kf6 34. Rc5 Ke6 35. Kg2 f5 36. Bc6 Rxd3 37. Rxb5 Rc2 38. Rb6 Rd6 39. Ba4 Rxf2+ 40. Kxf2 Rxb6 41. Be8 Rb2+ 42. Kf1 Kd5 43. Bxh5 Ke4 44. Bg6 Kf3 45. Ke1 Kxe3 46. Kd1 f4 47. gxf4 exf4 48. Bf7 Rh2 49. h5 f3 50. Bc4 Rxh5 51. Ke1 Rh1+ 52. Bf1 f2+ 0-1

[Event "WSTCC-65 2024"]
[Site "Krakow"]
[Date "2024.07.07"]
[Round "6.15"]
[White "Hansch, Klaus-Michael"]
[Black "Marks, Ian A"]
[Result "1/2-1/2"]
[ECO "A40"]
[WhiteElo "1898"]
[BlackElo "1932"]
[Annotator "NA RC"]
[PlyCount "59"]
[EventDate "2024.07.01"]
[EventType "team-tourn"]
[EventCountry "POL"]
[SourceTitle "playchess.com"]
[Source "ChessBase"]
[SourceQuality "1"]
[TimeControl "40/5400+30:1800+30"]

1. d4 g6 2. Bf4 Bg7 3. c3 d6 4. Nf3 Nd7 5. e4 e5 6. dxe5 dxe5 7. Bg3 Qe7 8. Nbd2 Ngf6 9. Bc4 O-O 10. O-O Nh5 11. Bh4 Bf6 12. Bg3 Nxg3 13. hxg3 Nb6 14. Bb3 Be6 15. Qe2 Rad8 16. Rfd1 c6 17. Nc4 Nxc4 18. Bxc4 Rd7 19. Bxe6 Rxd1+ 20. Rxd1 Qxe6 21. b3 Rd8 22. Rxd8+ Bxd8 23. Qd2 Bb6 24. Qh6 f6 25. Qd2 Kg7 26. Nh2 h5 27. Kf1 Bc5 28. Nf3 Qd6 29. Qxd6 Bxd6 30. Nd2 1/2-1/2

[Event "WSTCC-65 2024"]
[Site "Krakow"]
[Date "2024.07.07"]
[Round "6.16"]
[White "Tsifanskaya, Ludmila A"]
[Black "Scowen, Roger S"]
[Result "1-0"]
[ECO "C00"]
[WhiteElo "1970"]
[BlackElo "1888"]
[Annotator "NA RC"]
[PlyCount "47"]
[EventDate "2024.07.01"]
[EventType "team-tourn"]
[EventCountry "POL"]
[SourceTitle "playchess.com"]
[Source "ChessBase"]
[SourceQuality "1"]
[TimeControl "40/5400+30:1800+30"]

1. e4 e6 2. d3 d5 3. Nd2 c5 4. Ngf3 Nc6 5. g3 Nf6 6. Bg2 dxe4 7. dxe4 Be7 8. O-O O-O 9. Re1 Qc7 10. c3 Rd8 11. Qc2 b6 12. e5 Nd5 13. Nf1 f5 14. exf6 gxf6 15. Bh6 Rb8 16. Rad1 Bf8 17. Bxf8 Rxf8 18. Ne3 Nce7 19. Ng4 e5 20. h3 Be6 21. Nh4 Rbd8 22. Be4 f5 23. Nh6+ Kg7 24. N6xf5+ 1-0

[Event "WSTCC-65 2024"]
[Site "Krakow"]
[Date "2024.07.07"]
[Round "6.16"]
[White "McAndrew, Robert"]
[Black "Mueggenburg, Rolf"]
[Result "1/2-1/2"]
[ECO "A30"]
[WhiteElo "1926"]
[BlackElo "1777"]
[Annotator "RC"]
[PlyCount "68"]
[EventDate "2024.07.01"]
[EventType "team-tourn"]
[EventCountry "POL"]
[SourceTitle "playchess.com"]
[Source "ChessBase"]
[SourceQuality "1"]
[TimeControl "40/5400+30:1800+30"]

1. c4 c5 2. g3 Nc6 3. Bg2 Nf6 4. Nc3 e6 5. Nf3 Be7 6. e4 d6 7. d4 cxd4 8. Nxd4 Nxd4 9. Qxd4 e5 10. Qd2 Be6 11. b3 O-O 12. O-O Qc8 13. Qe2 h6 14. Be3 Ng4 15. Bd2 Nf6 16. Rac1 Kh7 17. f3 Ng8 18. Be3 Rd8 19. Rfd1 Rd7 20. Nd5 Bd8 21. f4 f6 22. c5 Qb8 23. f5 Bf7 24. Qb5 Be8 25. Qe2 dxc5 26. Bxc5 b6 27. Be3 Qb7 28. Bf1 Ne7 29. Qa6 Rb8 30. Bc4 Nxd5 31. Qxb7 Rbxb7 32. Bxd5 Rbc7 33. Kf2 Rxc1 34. Rxc1 Rc7 1/2-1/2

[Event "WSTCC-65 2024"]
[Site "Krakow"]
[Date "2024.07.07"]
[Round "6.17"]
[White "Sanetra, Piotr"]
[Black "Meulders, Richard"]
[Result "1/2-1/2"]
[ECO "B22"]
[WhiteElo "2024"]
[BlackElo "2154"]
[Annotator "RC"]
[PlyCount "56"]
[EventDate "2024.07.01"]
[EventType "team-tourn"]
[EventCountry "POL"]
[SourceTitle "playchess.com"]
[Source "ChessBase"]
[SourceQuality "1"]
[TimeControl "40/5400+30:1800+30"]

1. e4 c5 2. c3 d5 3. exd5 Qxd5 4. d4 Nc6 5. Nf3 Bg4 6. Be2 cxd4 7. cxd4 e6 8. h3 Bh5 9. Nc3 Bb4 10. O-O Bxc3 11. bxc3 Nge7 12. Ba3 Qa5 13. Qb3 Qb6 14. Qxb6 axb6 15. Bxe7 Nxe7 16. Bb5+ Kd8 17. g4 Bg6 18. a4 h5 19. Ne5 hxg4 20. hxg4 Kc7 21. Kg2 f6 22. Nxg6 Nxg6 23. Kg3 e5 24. dxe5 Nxe5 25. f4 Nc6 26. Rh1 Rae8 27. Kf3 g5 28. Rad1 Rh4 1/2-1/2

[Event "WSTCC-65 2024"]
[Site "Krakow"]
[Date "2024.07.07"]
[Round "6.17"]
[White "Gibbons, Robert"]
[Black "Hogan, Pat"]
[Result "1/2-1/2"]
[ECO "A48"]
[WhiteElo "1908"]
[BlackElo "1936"]
[Annotator "NA RC"]
[PlyCount "100"]
[EventDate "2024.07.01"]
[EventType "team-tourn"]
[EventCountry "POL"]
[SourceTitle "playchess.com"]
[Source "ChessBase"]
[SourceQuality "1"]
[TimeControl "40/5400+30:1800+30"]

1. d4 Nf6 2. Nf3 g6 3. e3 Bg7 4. Bd3 O-O 5. O-O d6 6. Re1 Nc6 7. c3 e5 8. dxe5 Nxe5 9. Nxe5 dxe5 10. Qc2 c6 11. e4 Qc7 12. Be3 Be6 13. Nd2 Rfd8 14. f3 Rd7 15. Bc4 Rxd2 16. Bxd2 Bxc4 17. b3 Be6 18. Be3 h6 19. Rad1 Bf8 20. Rd3 Nd7 21. Kh1 Nc5 22. Rdd1 a5 23. Qf2 b6 24. Rd2 Rd8 25. Red1 Rxd2 26. Rxd2 Kh7 27. g4 Nd7 28. Qh4 f6 29. g5 fxg5 30. Bxg5 Qc8 31. Rd6 Qe8 32. Rxc6 h5 33. Qg3 Bh6 34. h4 Bxg5 35. hxg5 Qf7 36. Kg2 a4 37. c4 axb3 38. axb3 Qe7 39. f4 exf4 40. Qxf4 Bg4 41. Rd6 Kg7 42. Rc6 Qa3 43. Rc7 Qb2+ 44. Kg1 Qb1+ 45. Kg2 Qc2+ 46. Kg1 Qd1+ 47. Kg2 Qe2+ 48. Kg1 Qd1+ 49. Kg2 Qe2+ 50. Kg1 Qd1+ 1/2-1/2

[Event "WSTCC-65 2024"]
[Site "Krakow"]
[Date "2024.07.07"]
[Round "6.18"]
[White "Rooze, Jan"]
[Black "Kasperek, Wieslaw"]
[Result "1-0"]
[ECO "B40"]
[WhiteElo "2222"]
[BlackElo "2009"]
[Annotator "TA"]
[PlyCount "99"]
[EventDate "2024.07.01"]
[EventType "team-tourn"]
[EventCountry "POL"]
[SourceTitle "playchess.com"]
[Source "ChessBase"]
[SourceQuality "1"]
[TimeControl "40/5400+30:1800+30"]

1. e4 c5 2. Nf3 e6 3. c3 Nc6 4. d4 cxd4 5. cxd4 d5 6. e5 Bd7 7. Nc3 Bb4 8. Bd2 Bxc3 9. Bxc3 {[%emt 0:00:17] White is slightly better.} Nge7 10. Bd3 h6 11. h4 Qb6 12. Qd2 a5 13. O-O O-O 14. a3 f6 15. exf6 Rxf6 {[%emt 0:00:15] [#]} 16. Ne5 ({White should play} 16. b4 $1 $16) 16... Nxe5 $14 17. dxe5 Rf7 {[%emt 0:00:28] [#]} 18. Bd4 $1 {[%emt 0:03:13] A strong pair of Bishops.} Qd8 (18... Qxd4 $2 19. Bh7+ Kxh7 20. Qxd4 $18) 19. Rac1 Nf5 20. Bxf5 Rxf5 21. g3 Bb5 22. Rfe1 Bc4 23. a4 Qe7 24. Re3 Qd8 25. b3 {[%emt 0:01:04] Black is weak on the dark squares} Ba6 26. Rc5 Rc8 27. Rec3 (27. Qxa5 $2 {loses.} Qxa5 28. Rxa5 Rc1+ 29. Kg2 Rd1 $19) 27... Rxc5 28. Rxc5 Qe8 29. Qd1 Qg6 30. Rxa5 Rf7 ({Avoid the trap} 30... Qxg3+ $2 31. fxg3 Kh8 32. Qc2 (32. Rxa6 bxa6 33. Qc2 Rf8 $18) 32... Rf1+ 33. Kh2 $18) 31. Rc5 Qe4 32. Rc8+ Rf8 (32... Kh7 {keeps more tension.} 33. f4 Be2 34. Qc2 Bd3) 33. Rxf8+ Kxf8 $11 {[%emt 0:00:09][%mdl 4096] Endgame. KQB-KQB} 34. f3 Qg6 35. Kf2 Qe8 {[%emt 0:00:38] [#]} (35... h5 $11 {remains equal.}) 36. b4 (36. Qc2 $142 $1) 36... Bc4 $16 37. b5 Kg8 38. Qb1 Qd7 39. g4 {[%emt 0:01:27] White is more active.} Qe8 (39... Qd8 $14) 40. h5 Qe7 41. Kg3 Qe8 42. Qb4 Kh7 (42... Be2 {was called for.} 43. Qd2 Bc4) 43. Qc5 Qd7 44. f4 {[%emt 0:00:00][%cal Bf3f4,Bf4g5][%mdl 32] Strongly threatening Qd6.} Bd3 45. Qf8 (45. Bg1 $18 {is more deadly.}) 45... Be4 $2 {[%emt 0:00:00][%mdl 8192] Loses the game.} (45... Qc7 $16) 46. g5 $18 hxg5 47. fxg5 g6 48. h6 {[%emt 0:00:00] White mates.} Bc2 49. a5 Ba4 50. b6 {[%emt 0:00:00] Weighted Error Value: White=0.14 (very precise) /Black=0.35.  Loses game:     	---       	Black=1      Mistake:       	White=3     	Black=3      Inaccurate:     	White=5     	Black=3      OK:         	White=10    	Black=12     Best:        	White=2     	Black=2} 1-0

[Event "WSTCC-65 2024"]
[Site "Krakow"]
[Date "2024.07.07"]
[Round "6.18"]
[White "Harding, Tim D"]
[Black "Booth, Anthony"]
[Result "1-0"]
[ECO "A29"]
[WhiteElo "1945"]
[BlackElo "1742"]
[Annotator "NA RC"]
[PlyCount "93"]
[EventDate "2024.07.01"]
[EventType "team-tourn"]
[EventCountry "POL"]
[SourceTitle "playchess.com"]
[Source "ChessBase"]
[SourceQuality "1"]
[TimeControl "40/5400+30:1800+30"]

1. c4 e5 2. Nc3 Nf6 3. Nf3 Nc6 4. g3 Bb4 5. Nd5 O-O 6. Bg2 Re8 7. Nxb4 Nxb4 8. O-O d6 9. d3 Nc6 10. b3 Nd4 11. Re1 Nxf3+ 12. exf3 c6 13. Bb2 Bf5 14. Qd2 Nd7 15. d4 Qc7 16. Qg5 Bg6 17. f4 f6 18. Qg4 f5 19. Qf3 e4 20. Qc3 Nf6 21. Rad1 d5 22. h3 Rac8 23. Re3 Re6 24. Rc1 Bf7 25. Bf1 Ree8 26. Ba3 b6 27. Qd2 c5 28. dxc5 bxc5 29. cxd5 Qd6 30. Rec3 Nxd5 31. Rxc5 Rxc5 32. Bxc5 Qd7 33. Bc4 Rd8 34. Rd1 Nb6 35. Bxf7+ Kxf7 36. Qxd7+ Rxd7 37. Rxd7+ Nxd7 38. Bxa7 Ke6 39. Kf1 Kd5 40. Ke2 Nc5 41. Bxc5 Kxc5 42. Ke3 Kb4 43. a4 g6 44. f3 exf3 45. Kxf3 h6 46. Ke3 Kc5 47. a5 1-0

[Event "WSTCC-65 2024"]
[Site "Krakow"]
[Date "2024.07.07"]
[Round "6.19"]
[White "Kusina, Jan"]
[Black "Van Herck, Marcel"]
[Result "1/2-1/2"]
[ECO "A46"]
[WhiteElo "1969"]
[BlackElo "1942"]
[Annotator "NA RC"]
[PlyCount "69"]
[EventDate "2024.07.01"]
[EventType "team-tourn"]
[EventCountry "POL"]
[SourceTitle "playchess.com"]
[Source "ChessBase"]
[SourceQuality "1"]
[TimeControl "40/5400+30:1800+30"]

1. d4 Nf6 2. Nf3 e6 3. Bg5 d5 4. e3 Nbd7 5. Bd3 c6 6. c3 Bd6 7. Nbd2 Qc7 8. e4 dxe4 9. Nxe4 Nxe4 10. Bxe4 h6 11. Bh4 f5 12. Bc2 g5 13. Qe2 Nf8 14. Bxf5 gxh4 15. Nxh4 Bd7 16. Ng6 Nxg6 17. Bxg6+ Ke7 18. g3 Rag8 19. Qe4 Kd8 20. O-O-O Qa5 21. Qh4+ Be7 22. Qh5 Qxa2 23. Rhe1 Bd6 24. Bb1 Qd5 25. Qe2 Kc7 26. c4 Qg5+ 27. f4 Qf6 28. c5 Bxf4+ 29. gxf4 Qxf4+ 30. Qd2 Qxd2+ 31. Rxd2 Rg4 32. Ba2 Rd8 33. Kc2 Bc8 34. Kc3 b6 35. cxb6+ 1/2-1/2

[Event "WSTCC-65 2024"]
[Site "Krakow"]
[Date "2024.07.07"]
[Round "6.19"]
[White "Cooper, Nigel"]
[Black "Matthews, Gabriel"]
[Result "1/2-1/2"]
[ECO "A45"]
[WhiteElo "1662"]
[BlackElo "1917"]
[Annotator "NA RC"]
[PlyCount "80"]
[EventDate "2024.07.01"]
[EventType "team-tourn"]
[EventCountry "POL"]
[SourceTitle "playchess.com"]
[Source "ChessBase"]
[SourceQuality "1"]
[TimeControl "40/5400+30:1800+30"]

1. d4 Nf6 2. Nc3 d5 3. Bf4 e6 4. Nb5 Na6 5. e3 c6 6. Nc3 Be7 7. Nf3 O-O 8. g4 c5 9. Bd3 Nb4 10. h4 Nxd3+ 11. Qxd3 Nxg4 12. Rg1 f5 13. Ne5 cxd4 14. exd4 Nxe5 15. Bxe5 Bf6 16. Qg3 Rf7 17. O-O-O Bd7 18. Ne2 Bxh4 19. Qxg7+ Rxg7 20. Rxg7+ Kf8 21. Rdg1 Bf6 22. Rg8+ Kf7 23. Rxd8 Rxd8 24. Bxf6 Kxf6 25. Nf4 Be8 26. Rh1 Bg6 27. Rh6 Rg8 28. Nxg6 hxg6 29. f4 Kg7 30. Rh3 g5 31. fxg5 Kg6 32. Kd2 f4 33. Rh6+ Kxg5 34. Rxe6 Rh8 35. Re5+ Kg4 36. Rxd5 Rh2+ 37. Kd3 Rh3+ 38. Ke2 Rh2+ 39. Kd3 Rh3+ 40. Ke2 Rh2+ 1/2-1/2

[Event "WSTCC-65 2024"]
[Site "Krakow"]
[Date "2024.07.07"]
[Round "6.20"]
[White "Aragones-Melhem, Georgy"]
[Black "Turecki, Stanislaw"]
[Result "0-1"]
[ECO "B51"]
[WhiteElo "2079"]
[BlackElo "1873"]
[Annotator "NA RC"]
[PlyCount "92"]
[EventDate "2024.07.01"]
[EventType "team-tourn"]
[EventCountry "POL"]
[SourceTitle "playchess.com"]
[Source "ChessBase"]
[SourceQuality "1"]
[TimeControl "40/5400+30:1800+30"]

1. e4 c5 2. Nf3 d6 3. Bb5+ Nd7 4. d4 cxd4 5. Qxd4 a6 6. Bc4 Ngf6 7. Nc3 e6 8. a4 Be7 9. Be3 O-O 10. h3 b6 11. g4 Bb7 12. Qd3 Nxe4 13. Nxe4 d5 14. Neg5 Bxg5 15. Nxg5 Nf6 16. O-O-O dxc4 17. Qxc4 Qc8 18. Qxc8 Raxc8 19. f3 h6 20. Ne4 Nxe4 21. fxe4 Bxe4 22. Rh2 Rc6 23. Rd4 Bd5 24. Rb4 Rb8 25. b3 b5 26. Kb2 Rcc8 27. Bf4 Rb7 28. a5 f6 29. h4 e5 30. Bg3 Rbc7 31. Be1 Kf7 32. g5 hxg5 33. hxg5 f5 34. Rd2 Be4 35. c3 Kg6 36. Rd6+ Kxg5 37. Bd2+ Kh5 38. Rxa6 Bc6 39. Rxc6 Rxc6 40. Rxb5 Re6 41. Be3 Kg4 42. a6 f4 43. a7 fxe3 44. Rb8 Ra6 45. Rxc8 Rxa7 46. Kc2 Rd7 0-1